 Dungeon Crawl Stone Soup version 0.29-a0-275-g389c0b56f3 (webtiles) character file.

Game seed: 18046167980677757753

46 Ordine the Slasher (level 3, -5/22 HPs)
             Began as a Tengu Warper on Mar 10, 2022.
             Slain by Terence
             ... wielding a +1 flail of holy wrath
              (12 damage)
             ... on level 2 of the Dungeon.
             The game lasted 00:05:01 (1968 turns).

Ordine the Slasher (Tengu Warper)                   Turns: 1968, Time: 00:05:01

Health: -5/22      AC:  3    Str: 11    XL:     3   Next: 68%
Magic:  7/7        EV: 12    Int: 13    God:
Gold:   74         SH:  0    Dex: 15    Spells: 4/6 levels left

rFire   . . .      SeeInvis .   a - +0 falchion
rCold   . . .      Faith    .   (no shield)
rNeg    . . .      Spirit   .   l - +1 robe of Polish {Slay+2 Stlth+}
rPois   .          Reflect  .   (helmet restricted)
rElec   .          Harm     .   (no cloak)
rCorr   .          Rampage  .   (no gloves)
Will    .....                   (boots unavailable)
Stlth   ++........              i - amulet of the acrobat
HPRegen 0.07/turn               (no ring)
MPRegen 0.10/turn               (no ring)

@: no status effects
A: beak, talons 3
a: no special abilities


You were on level 2 of the Dungeon.
You visited 1 branch of the dungeon, and saw 2 of its levels.

You collected 74 gold pieces.

Inventory:

Hand Weapons
 a - a +0 falchion (weapon)
Missiles
 d - 7 boomerangs of dispersal (quivered)
Armour
 j - a +0 chain mail
 l - the +1 robe of Polish (worn) {Slay+2 Stlth+}
   (You found it on level 2 of the Dungeon)

   Slay:      It affects your accuracy & damage with ranged weapons and melee
   (+2).
   Stlth:     It makes you more stealthy.
Jewellery
 i - an amulet of the acrobat (around neck)
Scrolls
 c - a scroll of blinking
 g - a scroll of acquirement {unknown}
 k - a scroll of identify {unknown}
Potions
 b - a potion of attraction {unknown}
 e - a potion of flight {unknown}
 h - a potion of mutation {unknown}


   Skills:
 + Level 2.5 Fighting
 * Level 3.4 Long Blades
 + Level 1.8 Throwing
 - Level 1.1 Armour
 - Level 2.1 Dodging
 - Level 2.0 Spellcasting
 - Level 2.4 Translocations


You had 4 spell levels left.
You knew the following spells:

 Your Spells              Type           Power      Damage    Failure   Level
a - Blink                 Tloc           14%        N/A       14%         2

Your spell library contained the following spells:

 Spells                   Type           Power      Damage    Failure   Level
 Gell's Gravitas          Tloc           7%         N/A       28%         3
 Lesser Beckoning         Tloc           7%         N/A       28%         3
 Teleport Other           Tloc           7%         N/A       28%         3
 Manifold Assault         Tloc           7%         N/A       95%         5


Dungeon Overview and Level Annotations

Branches:
Dungeon (2/15)

Altars:

Annotations:
D:2 Terence


Innate Abilities, Weirdness & Mutations

You have a beak for a mouth.
You have claws for feet.


Message History

You see here a worm corpse.
You see here a rat skeleton.
You now have 74 gold pieces (gained 10).
Terence the Incautious comes into view.
He is wielding a +1 flail of holy wrath and wearing a +1 chain mail of cold resistance.
Terence shouts!
Terence shouts, "Get ready for death!"
You throw a poisoned dart. The poisoned dart hits Terence.
Terence is poisoned.
You throw a poisoned dart.
The poisoned dart closely misses Terence.
You throw a poisoned dart.
The poisoned dart barely misses Terence.
You throw a poisoned dart.
The poisoned dart barely misses Terence.
Terence drinks a potion.
Terence flickers and vanishes!
Deactivating autopickup; reactivate with Ctrl-A.
Throw: dart (poison)
Press: ? - help, Shift-Dir - straight line You throw a poisoned dart.
Level annotation: Terence Welcome back, Ordine the Tengu Warper.
Press ? for a list of commands and other information.
Level annotation: Terence Welcome back, Ordine the Tengu Warper.
Press ? for a list of commands and other information.
There is a strange disturbance nearby!
There is a stone staircase leading up here.
You climb upwards.
There is a stone staircase leading down here.
You start waiting.
Done waiting.
You climb downwards.
Level annotation: Terence Terence hits you with a +1 flail of holy wrath! x2
There is a stone staircase leading up, spattered with blood here.
You hit Terence.
Terence is lightly wounded.
Terence shouts, "DIE!!!"
Terence hits you with a +1 flail of holy wrath!
Ouch! That really hurt!
You die...

............§..#.#.#..###.#......
≈≈.≈§≈§≈.≈≈≈≈≈...#.#.............
#≈§≈###≈.≈# #≈..............##.##
#§§≈# #§.§# #≈.#.#.#.###..####.#
#≈.≈###≈.≈###≈.#.#.#.# #..# #.#
≈≈.≈≈§§≈.§≈≈≈≈.#.#.#.# #..## #.#
......§§.......#.#.#.###.... ...
#.#######..#####.#.......... ...
#.......†.÷....@@...............
################.###.####.## #.#
#.# # #.# ### .. ..# ## ###


You could see Terence.

Vanquished Creatures
  An adder (D:2)
  A worm (D:2)
  A dart slug (D:2)
  A ball python (D:1)
  6 endoplasms
  A giant cockroach (D:1)
  4 goblins
  5 hobgoblins
  2 kobolds (D:1)
  A quokka (D:2)
  3 bats (D:2)
  2 rats
28 creatures vanquished.

Notes
Turn   | Place    | Note
-------+----------+-------------------------------------------
     0 | D:1      | Ordine the Tengu Warper began the quest for the Orb.
     0 | D:1      | Reached XP level 1. HP: 12/12 MP: 4/4
   154 | D:1      | You fall into a shaft and drop 1 floor!
   256 | D:2      | Reached XP level 2. HP: 17/17 MP: 6/6
   259 | D:2      | Learned a level 2 spell: Blink
   616 | D:1      | Found a faded altar of an unknown god.
  1041 | D:1      | Reached skill level 3 in Long Blades
  1233 | D:1      | Reached XP level 3. HP: 22/22 MP: 7/7
  1573 | D:2      | Identified the +1 robe of Polish {Slay+2 Stlth+}
  1825 | D:2      | Noticed Terence
  1968 | D:2      | Slain by Terence

Illustrated notes

Levels and vault maps discovered:
D:1:      onia_arrival_pentagram, layout_basic,
          hellmonk_ecumenical_altar_heavens_door
D:2:      layout_basic, serial_park_tiny_1, minmay_misc_feat_hallway,
          kennysheep_boxes, uniq_terence

Skill      XL: |  1  2 |
---------------+-------+-----
Long Blades    | 3 |  3.4
Fighting       | |  2.5
Throwing       | |  1.8
Armour         | |  1.1
Dodging        | |  2.1
Spellcasting   | |  2.0
Translocations | |  2.4

Action                   || total
-------------------------++-------
Melee: Falchion          ||    64
       Kick              ||    16
       Peck              ||     9
Throw: Dart              ||     5
 Stab: Sleeping          ||     4
Armor: Chain mail        ||    24
       Leather armour    ||     1
Dodge: Dodged            ||    39

Table legend: (Time is in decaauts)
 A = Elapsed time spent in this place.
 B = Non-inter-level travel time spent in this place.
 C = Inter-level travel time spent in this place.
 D = Time resting spent in this place.
 E = Time spent auto-exploring this place.
 F = Levels seen in this place.
 G = Mean time per level.
                   A        B        C        D        E       F      G
               +--------+--------+--------+--------+--------+-----+--------+
         Total |   1979 |   1942 |     37 |    100 |   1555 |   2 |  989.5 |
       Dungeon |   1979 |   1942 |     37 |    100 |   1555 |   2 |  989.5 |
               +--------+--------+--------+--------+--------+-----+--------+

Top non-repeatable levels by time:
     D:1: 1306 daAuts
     D:2: 672 daAuts
